Map: Jagannatha LE

Players

Krystianer

  • Race: Protoss Protoss

Reynor - Winner!

  • Race: Zerg Zerg

Event: DreamHack SC2 Masters 2021 Winter

VOD

Have the link to the VOD?

Description

Time

  • Played on: Oct. 1, 2021, 11:26 a.m.
  • Length: 9:21

All games in this series

Show
View Real Time Build Order
Export as new Build Order

Krystianer Protoss 

Build Orders:  

Get SALT Encoding   

  12  0:00  Probe  
  13  0:12  Probe  
  14  0:19  Pylon  
  14  0:24  Probe  
  15  0:37  Probe (Chrono Boost)  
  15  0:40  Gateway  
  16  0:46  Probe (Chrono Boost)  
  16  0:49  Assimilator  
  17  0:52  Probe  
  19  1:04  Probe  
  19  1:16  Probe  
  20  1:18  Gateway  
  20  1:27  Cybernetics Core  
  20  1:28  Zealot (Chrono Boost)  
  22  1:34  Pylon  
  22  1:38  Probe  
  25  1:54  Zealot (Chrono Boost)  
  25  2:03  Adept (Chrono Boost)  
  27  2:16  Nexus  
  27  2:25  Adept  
  27  2:29  Probe  
  26  2:41  Assimilator  
  26  2:44  Cybernetics Core  
  26  2:50  Probe  
  27  3:03  Probe  
  28  3:08  Pylon  
  28  3:15  Probe (Chrono Boost)  
  29  3:20  Adept  
  29  3:22  Stargate  
  29  3:24  Warp Gate  
  32  3:27  Probe (Chrono Boost)  
  32  3:30  Probe (Chrono Boost)  
  32  3:32  Shield Battery  
  33  3:36  Probe (Chrono Boost)  
  33  3:39  Probe (Chrono Boost)  
  35  3:42  Probe (Chrono Boost)  
  35  3:45  Probe  
  37  3:53  Probe  
  38  3:57  Probe  
  39  4:06  Probe (Chrono Boost), Oracle (Chrono Boost)  
  39  4:09  Probe (Chrono Boost)  
  40  4:20  Assimilator  
  40  4:21  Probe (Chrono Boost)  
  40  4:22  Assimilator  
  40  4:23  Probe (Chrono Boost)  
  42  4:26  Probe (Chrono Boost)  
  42  4:29  Probe  
  44  4:34  Void Ray (Chrono Boost)  
  44  4:35  Probe  
  44  4:36  Stargate  
  44  4:37  Pylon  
  45  4:41  Probe  
  45  4:45  Pylon  
  50  4:47  Probe  
  51  4:54  Probe  
  51  4:59  Probe  
  53  5:04  Void Ray  
  53  5:06  Probe  
  54  5:07  Nexus  
  54  5:10  Pylon  
  54  5:12  Probe  
  59  5:18  Probe  
  60  5:30  Probe  
  60  5:31  Void Ray (Chrono Boost)  
  60  5:33  Zealot x2, Nexus  
  60  5:34  Pylon  
  64  5:35  Probe  
  64  5:42  Probe  
  69  5:43  Void Ray (Chrono Boost)  
  69  5:47  Probe, Forge  
  70  5:54  Probe  
  75  6:00  Probe  
  75  6:01  Pylon  
  76  6:04  Shield Battery  
  76  6:06  Probe  
  77  6:13  Void Ray  
  77  6:16  Probe  
  78  6:19  Probe  
  78  6:23  Pylon  
  83  6:27  Void Ray  
  83  6:28  Probe  
  83  6:31  Probe  
  85  6:37  Photon Cannon  
  85  6:39  Photon Cannon  
  86  6:42  Photon Cannon  
  86  6:45  Shield Battery  
  87  6:50  Photon Cannon  
  87  6:52  Photon Cannon  
  86  6:55  Photon Cannon  
  86  6:56  Void Ray  
  86  7:03  Pylon  
  86  7:05  Zealot  
  92  7:10  Photon Cannon  
  92  7:14  Sentry  
  94  7:22  Photon Cannon  
  86  7:25  Pylon  
  86  7:26  Zealot  
  86  7:27  Void Ray (Chrono Boost)  
  92  7:30  Pylon  
  92  7:32  Void Ray (Chrono Boost)  
  92  7:35  Pylon  
  89  7:47  Photon Cannon  
  85  7:52  Photon Cannon  
  85  7:53  Shield Battery  
  85  7:57  Void Ray  
  85  8:03  Photon Cannon  
  89  8:06  Photon Cannon  
  89  8:08  Photon Cannon  
  89  8:21  Pylon  
  89  8:23  Pylon  
  89  8:25  Pylon  
  87  8:34  Photon Cannon  
  87  8:35  Void Ray  
  87  8:36  Photon Cannon  
  87  8:41  Probe  
  87  8:46  Photon Cannon  
  92  8:54  Photon Cannon  
  86  9:08  Photon Cannon x2  
Show
View Real Time Build Order
Export as new Build Order

Reynor Zerg - Winner!

Build Orders: Pool First 

Get SALT Encoding   

  12  0:17  Spawning Pool  
  11  0:21  Drone  
  11  0:26  Drone  
  13  0:31  Drone  
  14  0:40  Overlord  
  15  1:04  Zergling x4  
  15  1:05  Zergling x2  
  17  1:17  Hatchery  
  16  1:20  Zergling x2  
  17  1:26  Zergling x2  
  18  1:37  Zergling x2  
  19  1:40  Queen  
  21  1:47  Overlord  
  21  1:58  Drone  
  22  2:10  Drone  
  22  2:15  Extractor  
  22  2:16  Queen  
  24  2:24  Drone  
  24  2:29  Drone  
  24  2:31  Drone  
  23  2:38  Queen  
  23  2:40  Drone  
  23  2:43  Drone  
  27  2:48  Drone  
  28  2:53  Overlord  
  27  2:59  Drone  
  27  3:04  Drone x2  
  29  3:07  Zergling x2  
  29  3:11  Zergling x2  
  31  3:15  Zergling x2  
  32  3:20  Metabolic Boost  
  32  3:25  Zergling x2  
  33  3:27  Drone  
  33  3:28  Drone  
  33  3:31  Drone  
  33  3:33  Drone  
  37  3:37  Overlord  
  37  3:42  Drone  
  37  3:43  Drone  
  38  3:53  Drone x4  
  42  4:01  Overlord  
  41  4:12  Spore Crawler  
  41  4:16  Drone, Hatchery  
  41  4:18  Drone  
  41  4:23  Queen  
  44  4:25  Drone  
  44  4:29  Spore Crawler  
  44  4:33  Drone x2  
  44  4:36  Queen  
  48  4:41  Zergling x4  
  48  4:42  Zergling x2  
  48  4:44  Zergling x2  
  53  4:45  Zergling x2  
  53  4:47  Zergling x2  
  53  4:51  Overlord  
  54  4:53  Drone  
  54  4:57  Overlord  
  55  5:01  Queen  
  55  5:04  Drone  
  58  5:07  Overlord  
  58  5:10  Drone  
  58  5:14  Overlord  
  59  5:15  Drone x2  
  59  5:18  Queen  
  63  5:21  Drone x2  
  64  5:29  Overlord  
  64  5:32  Drone, Queen  
  64  5:33  Drone  
  64  5:35  Drone  
  68  5:36  Drone  
  67  5:43  Queen  
  67  5:47  Baneling Nest  
  67  5:50  Zergling x8  
  67  5:54  Zergling x4, Spore Crawler  
  72  5:57  Queen  
  72  6:02  Zergling x6  
  77  6:05  Drone  
  77  6:06  Spore Crawler  
  77  6:09  Overlord  
  77  6:15  Zergling x2  
  77  6:16  Zergling x8  
  77  6:18  Overlord  
  82  6:20  Queen  
  84  6:27  Overlord  
  84  6:30  Zergling x10  
  84  6:32  Overlord  
  89  6:39  Zergling x6  
  94  6:40  Zergling x4  
  94  6:43  Queen  
  96  6:47  Baneling x8  
  96  6:48  Baneling  
  96  6:49  Baneling  
  96  6:50  Baneling  
  96  6:51  Baneling x2  
  96  6:54  Baneling x2  
  96  6:55  Zergling x4  
  96  6:56  Zergling x2  
  96  6:59  Queen  
  101  7:06  Zergling x10  
  101  7:07  Baneling  
  106  7:11  Queen  
  108  7:21  Baneling  
  108  7:22  Baneling, Zergling x16  
  107  7:26  Zergling x6  
  108  7:32  Zergling x8  
  107  7:37  Zergling x6  
  107  7:39  Zergling x2  
  107  7:40  Queen  
  107  7:44  Zergling x4  
  111  7:47  Queen  
  111  7:51  Zergling x2  
  111  7:52  Baneling x3  
  111  7:58  Zergling x4  
  112  7:59  Baneling, Queen  
  112  8:03  Zergling x4  
  116  8:06  Baneling  
  116  8:11  Zergling x2  
  116  8:16  Zergling x6  
  117  8:21  Hatchery, Queen  
  117  8:22  Queen  
  117  8:26  Zergling x8  
  112  8:30  Baneling x2  
  112  8:34  Baneling  
  108  8:38  Zergling x14  
  112  8:45  Zergling x4  
  110  8:51  Baneling  
  110  8:52  Baneling  
  110  8:53  Zergling x4  
  112  8:58  Zergling x2  
  112  9:01  Zergling x4  

Tags
 
Add a new tag
Caveats
  • Supply blocks, unpowered buildings, or Contaminate may cause inaccurate times.
  • Supply counts are checked every 10 seconds.